 Dungeon Sprint DCSS version 0.23-a0-239-g84a5ed292d (webtiles) character file.

1726 ICC the Corrupter of Planes (level 8, 0/64 HPs)
             Began as a Demonspawn Abyssal Knight on Sept 26, 2018.
             Was the Champion of Lugonu.
             Slain by a black mamba (6 damage)
             ... in the Dungeon (Sprint IX: "|||||||||||||||||||||||||||||").
             The game lasted 00:07:32 (424 turns).

ICC the Corrupter of Planes (DsAK)                   Turns: 424, Time: 00:07:32

Health: 0/64       AC: 19    Str: 17    XL:     8   Next: 75%
Magic:  22/22      EV:  9    Int: 13    God:    Lugonu [******]
Gold:   0          SH:  0    Dex: 14    Spells: 7/7 levels left

rFire    . . .     SeeInvis .   n - +2 halberd (venom)
rCold    . . .     Gourm    .   (shield currently unavailable)
rNeg     . . .     Faith    .   q - +1 chain mail
rPois    .         Spirit   .   (helmet restricted)
rElec    .         Reflect  .   p - +0 cloak
rCorr    .         Harm     .   o - +0 pair of gloves
MR       .....     NoTele   +   (no boots)
Stlth    ..........             (no amulet)
HPRegen  0.20/turn              s - +2 ring of protection
MPRegen  0.18/turn              r - +3 ring of strength

@: sanguine armour, very slightly contaminated, studying Ice Magic, invisible
A: antennae 2, demonic guardian 1, spiny 2, sanguine armour 1
a: Bend Space, Banish, Corrupt, Brand Weapon With Distortion, Renounce Religion


You were in the Dungeon.
You worshipped Lugonu.
Lugonu was exalted by your worship.
You were not hungry.

You visited 1 branch

Inventory:

Hand Weapons
 n - a +2 halberd of venom (weapon)
Missiles
 b - 3 tomahawks (quivered)
Armour
 o - a +0 pair of gloves (worn)
 p - a +0 cloak (worn)
 q - a +1 chain mail (worn)
Magical Staves
 m - an uncursed staff of energy
Jewellery
 r - a +3 ring of strength (right hand)
 s - a +2 ring of protection (left hand)
Wands
 l - a wand of iceblast (10)
 u - a wand of enslavement (14)
Scrolls
 i - 2 scrolls of blinking
 j - 4 scrolls of remove curse
 k - 2 scrolls of amnesia
 v - 4 scrolls of enchant weapon
 w - 4 scrolls of enchant armour
Potions
 d - 7 potions of curing
 e - 4 potions of heal wounds
 f - 2 potions of haste
 g - 4 potions of magic
Books
 t - a manual of Ice Magic
Comestibles
 a - 2 chunks of flesh
 c - a ration


   Skills:
 - Level 6.3 Fighting
 - Level 5.3 Polearms
 - Level 2.1 Armour
 - Level 5.0 Dodging
 + Level 20.1 Invocations


You had 7 spell levels left.
You didn't know any spells.
Your spell library was empty.

Dungeon Overview and Level Annotations

Branches:
Dungeon (1/1)

Altars:
Cheibriados
Dithmenos
Elyvilon
Fedhas
Gozag
Hepliaklqana
Kikubaaqudgha
Makhleb
Nemelex Xobeh
Okawaru
Qazlal
Ru
Sif Muna
Trog
Uskayaw
Vehumet
Wu Jian
Xom
Yredelemnul
Zin
The Shining One
Beogh
Jiyva
Lugonu


Innate Abilities, Weirdness & Mutations

You have a pair of antennae on your head.
A weak demonic guardian rushes to your aid.
You are mostly covered in sharp spines.
When seriously injured, your bleeding wounds create armour. (AC +6)


Message History

Your iron imp dies!
You swap places.
The black mamba closely misses your shadow imp.
Your shadow imp hits the black mamba.
Attack whom?
Press: ? - help, Dir - move target cursor, f - black mamba
Aim: a black mamba (lightly wounded)
You could not reach far enough!
The black mamba bites your shadow imp!
Your shadow imp dies!
The black mamba bites you.
* * * LOW HITPOINT WARNING * * *
You fade into invisibility!
The black mamba is struck by your spines.
The black mamba bites you but does no damage.
You are very lightly contaminated with residual magic.
You slash the black mamba!
The black mamba is moderately wounded.
The black mamba is struck by your spines.
The black mamba barely misses you. The black mamba bites you.
You die...

▓▓▓▓▓▓▓▓▓▓▓▓▓▓▓▓▓▓▓▓▓▓▓▓▓▓▓▓▓▓▓▓▓
...'________________________'....
▓▓▓▓▓▓▓▓▓▓▓▓▓▓▓▓▓▓▓▓▓▓▓▓▓▓▓▓▓▓▓▓▓
.................................
▓▓▓▓▓▓▓▓▓▓▓▓▓▓▓▓▓▓▓▓▓▓▓▓▓▓▓▓▓▓▓▓▓
{{{ {{{...tHSkFS@....÷.'.......[.
▓▓▓▓▓▓▓▓▓▓▓▓▓▓▓▓▓▓▓▓▓▓▓▓▓▓ {


{{{{{{{ {{{{{{{{{{{{{ You could see a hippogriff, a black mamba, a spiny frog, a
rime drake, a water moccasin and a crocodile.

Vanquished Creatures
  A troll (D)
  2 hippogriffs (D)
  2 wyverns (D)
  A vampire mosquito (D)
  A porcupine (D)
  A water moccasin (D)
  An ogre (D)
  A crocodile (D)
  2 bullfrogs (D)
  A scorpion (D)
  2 worker ants (D)
  A gnoll (D)
  An adder (D)
  An adder zombie (D)
  A dart slug (D)
  A leopard gecko (D)
  2 orcs (D)
  2 bat zombies (D)
  A bat (D)
  2 rats (D)
27 creatures vanquished.

Vanquished Creatures (collateral kills)
  A hungry ghost (D)
  A bullfrog (D)
  A crimson imp (D)
3 creatures vanquished.

Vanquished Creatures (others)
  A vampire mosquito (D)
1 creature vanquished.

Grand Total: 31 creatures vanquished

Notes
Turn   | Place    | Note
-------+----------+-------------------------------------------
     0 | D        | ICC the Demonspawn Abyssal Knight began the quest for the
                  | Orb.
     0 | D        | Reached XP level 1. HP: 18/18 MP: 2/2
     4 | D        | Reached skill level 1 in Dodging
     8 | D        | Reached ** piety under Lugonu
    10 | D        | Reached skill level 3 in Invocations
    27 | D        | Noticed an ogre
    27 | D        | Noticed a worker ant
    31 | D        | Killed a worker ant
    31 | D        | Reached skill level 4 in Invocations
    31 | D        | Gained mutation: You have a pair of small antennae on your
                  | head. [demonic ancestry]
    31 | D        | Reached XP level 2. HP: 25/25 MP: 3/5
    31 | D        | Gained mutation: A weak demonic guardian rushes to your
                  | aid. [demonic ancestry]
    31 | D        | Reached XP level 3. HP: 30/30 MP: 3/6
    35 | D        | Killed an ogre
    35 | D        | Reached *** piety under Lugonu
    35 | D        | Reached skill level 5 in Fighting
    35 | D        | Reached skill level 6 in Invocations
    35 | D        | Gained mutation: When seriously injured, your bleeding
                  | wounds create armour. (AC +6) [demonic ancestry]
    35 | D        | Reached XP level 4. HP: 39/39 MP: 3/8
    53 | D        | Found a roughly hewn altar of Beogh.
    53 | D        | Found a snail-covered altar of Cheibriados.
    53 | D        | Found a shadowy altar of Dithmenos.
    53 | D        | Found a white marble altar of Elyvilon.
    53 | D        | Found a blossoming altar of Fedhas.
    53 | D        | Found an opulent altar of Gozag.
    54 | D        | Found a hazy altar of Hepliaklqana.
    55 | D        | Found a viscous altar of Jiyva.
    56 | D        | Found an ancient bone altar of Kikubaaqudgha.
    57 | D        | Found a corrupted altar of Lugonu.
    58 | D        | Found a burning altar of Makhleb.
    59 | D        | Found a sparkling altar of Nemelex Xobeh.
    60 | D        | Found an iron altar of Okawaru.
    61 | D        | Found a stormy altar of Qazlal.
    62 | D        | Found a sacrificial altar of Ru.
    63 | D        | Found a deep blue altar of Sif Muna.
    64 | D        | Found a bloodstained altar of Trog.
    65 | D        | Found a hide-covered altar of Uskayaw.
    66 | D        | Found a radiant altar of Vehumet.
    67 | D        | Found an ornate altar of the Wu Jian Council.
    68 | D        | Found a shimmering altar of Xom.
    69 | D        | Found a basalt altar of Yredelemnul.
    70 | D        | Found a glowing silver altar of Zin.
    71 | D        | Found a glowing golden altar of the Shining One.
   125 | D        | Noticed a wyvern
   128 | D        | Reached **** piety under Lugonu
   128 | D        | Reached skill level 7 in Invocations
   128 | D        | Reached XP level 5. HP: 46/46 MP: 10/10
   130 | D        | Reached skill level 5 in Polearms
   130 | D        | Reached skill level 5 in Dodging
   134 | D        | Killed a wyvern
   134 | D        | Reached skill level 11 in Invocations
   134 | D        | Gained mutation: You have a pair of antennae on your head.
                  | [demonic ancestry]
   134 | D        | Reached XP level 6. HP: 52/52 MP: 10/14
   137 | D        | Reached skill level 12 in Invocations
   140 | D        | Reached ***** piety under Lugonu
   152 | D        | Noticed a troll
   152 | D        | Noticed a hungry ghost
   152 | D        | Noticed a vampire mosquito
   152 | D        | Noticed a vampire mosquito
   180 | D        | Killed a vampire mosquito
   180 | D        | Reached skill level 13 in Invocations
   185 | D        | Banished a vampire mosquito
   185 | D        | Reached skill level 14 in Invocations
   185 | D        | Gained mutation: You are partially covered in sharp spines.
                  | [demonic ancestry]
   185 | D        | Reached XP level 7. HP: 34/58 MP: 15/17
   193 | D        | Killed a hungry ghost
   193 | D        | Reached skill level 15 in Invocations
   206 | D        | Killed a troll
   206 | D        | Reached skill level 16 in Invocations
   345 | D        | Noticed a hippogriff
   345 | D        | Noticed a hippogriff
   350 | D        | Killed a hippogriff
   350 | D        | Reached skill level 17 in Invocations
   350 | D        | Gained mutation: You are mostly covered in sharp spines.
                  | [demonic ancestry]
   350 | D        | Reached XP level 8. HP: 45/64 MP: 18/20
   358 | D        | Reached skill level 18 in Invocations
   360 | D        | Reached ****** piety under Lugonu
   368 | D        | Killed a hippogriff
   368 | D        | Reached skill level 19 in Invocations
   383 | D        | Reached skill level 20 in Invocations
   417 | D        | Noticed a hippogriff
   417 | D        | Noticed a rime drake
   417 | D        | Noticed a spiny frog
   417 | D        | Noticed a black mamba
   424 | D        | Slain by a black mamba

Vault maps used:
D:        linesprint

Skill      XL: |  1  2  3  4  5  6  7  8 |
---------------+-------------------------+-----
Dodging        | 2 4 5 |  5.0
Polearms       | 3 4 5 |  5.3
Armour         | 2 |  2.1
Invocations    | 4 6 7 11 14 17 20 | 20.1
Fighting       | 4 5 6 |  6.3

Action                   |  1- 3 |  4- 6 |  7- 9 || total
-------------------------+-------+-------+-------++-------
Melee: Spear             |    23 |     8 |       ||    31
       Halberd           |       |    40 |    48 ||    88
Invok: Bend Space        |     1 |       |       ||     1
       Banish            |       |       |     1 ||     1
  Use: Potion            |     1 |     1 |     2 ||     4
  Eat: Chunk             |       |       |     3 ||     3
Armor: Leather armour    |     2 |     1 |       ||     3
       Chain mail        |       |    27 |    29 ||    56
Dodge: Dodged            |    10 |    33 |    25 ||    68

Table legend:
 A = Non-vault XP
 B = Vault XP
 C = Vault XP percentage of total XP
 D = Non-vault monster count
 E = Vault monster count
 F = Vault count percentage of total count
                 A         B        C        D         E       F
            +---------+---------+-------+---------+---------+-------
      Total |       0 |    2467 | 100.0 |       0 |      31 | 100.0
            +---------+---------+-------+---------+---------+-------
          D |       0 |    2467 | 100.0 |       0 |      31 | 100.0
            +---------+---------+-------+---------+---------+-------
